 Dungeon Crawl Stone Soup version 0.22-a0-605-g9281fa2 (webtiles) character file.

2256 sking99 the Cleaver (level 9, -1/72 HPs)
             Began as a Formicid Abyssal Knight on July 8, 2018.
             Was a Believer of Lugonu.
             Slain by a bullfrog (5 damage)
             ... on level 6 of the Dungeon.
             The game lasted 00:15:19 (8651 turns).

sking99 the Cleaver (Formicid Abyssal Knight)       Turns: 8651, Time: 00:15:20

Health: -1/72      AC:  9    Str: 19    XL:     9   Next: 64%
Magic:  10/14      EV:  7    Int: 16    God:    Lugonu [**....]
Gold:   242        SH:  0    Dex: 16    Spells: 8/8 levels left

rFire    . . .     SeeInvis +   a - +2 hand axe
rCold    . . .     Gourm    .   (no shield)
rNeg     . . .     Faith    .   f - +0 chain mail
rPois    .         Spirit   .   (helmet unavailable)
rElec    .         Reflect  .   (no cloak)
rCorr    .         Harm     .   (no gloves)
MR       .....                  l - +0 pair of boots
Stlth    ..........             (no amulet)
HPRegen  0.22/turn              g - +2 ring of intelligence
MPRegen  0.14/turn              p - +3 ring of intelligence

@: no status effects
A: permanent stasis, dig shafts and tunnels, four strong arms, antennae 3, thin
skeletal structure 1, agile 1, wild magic 1
a: Dig, Shaft Self, Depart the Abyss, Bend Space, Renounce Religion


You were on level 6 of the Dungeon.
You worshipped Lugonu.
Lugonu was pleased with you.
You were hungry.

You visited 1 branch of the dungeon, and saw 7 of its levels.
You visited the Abyss 1 time.
You also visited: Sewer.

You collected 242 gold pieces.

Inventory:

Hand Weapons
 a - a +2 hand axe (weapon)
Armour
 f - a +0 chain mail (worn)
 l - a +0 pair of boots (worn)
Jewellery
 g - a +2 ring of intelligence (left hand)
 p - a +3 ring of intelligence (right hand)
Wands
 h - a wand of flame (34)
 k - a wand of paralysis (16)
Scrolls
 i - 2 scrolls of remove curse
Potions
 b - a potion of flight
 d - a potion of curing {unknown}
 e - a potion of lignification
 j - a potion of haste {unknown}
 m - a potion of agility
 n - a potion of resistance {unknown}
 q - a potion of brilliance
 r - a potion of might {unknown}
 s - a potion of mutation
 t - a potion of cancellation {unknown}
Comestibles
 c - 13 rations


   Skills:
 + Level 7.4 Fighting
 * Level 8.9 Axes
 - Level 2.1 Armour
 - Level 0.8 Dodging
 + Level 7.5 Invocations


You had 8 spell levels left.
You didn't know any spells.
Your spell library contained the following spells:

 Spells                   Type           Power        Failure   Level  Hunger
 Magic Dart               Conj           #...         98%         1    ##.....
 Conjure Flame            Conj/Fire      #.......     100%        3    ####...
 Slow                     Hex            #.......     99%         2    ###....
 Mephitic Cloud           Conj/Pois/Air  #.......     100%        3    ####...
 Blink                    Tloc           N/A          99%         2    ###....
 Iskenderun's Mystic Bla  Conj           #.......     100%        4    #####..
 Call Imp                 Summ           #.......     99%         2    ###....
 Fulminant Prism          Conj/Hex       #.........   100%        4    #####..
 Dazzling Spray           Conj/Hex       #.....       100%        3    ####...
 Force Lance              Conj/Tloc      #.......     100%        4    #####..
 Searing Ray              Conj           #.....       99%         2    ###....


Dungeon Overview and Level Annotations

Branches:
Dungeon (7/15)             Temple (0/1) D:5

Altars:
Fedhas
Nemelex Xobeh
Sif Muna
Yredelemnul

Annotations:
Abyss:1 Pikel


Innate Abilities, Weirdness & Mutations

You cannot be hasted, slowed, berserked, paralysed or teleported.
You can dig through walls and to a lower floor.
Your four strong arms can wield two-handed weapons with a shield.
You have a pair of large antennae on your head. (SInv)
You have a somewhat thin skeletal structure. (Dex +2, Stealth)
You are agile. (Dex +2)
Your spells are a little harder to cast, but a little more powerful.


Message History

The bullfrog hits you.
* * * LOW HITPOINT WARNING * * *
The adder bites you but does no damage.
You closely miss the adder.
The adder is lightly wounded.
You closely miss the bullfrog. The bullfrog hits you.
* * * LOW HITPOINT WARNING * * *
The adder bites you but does no damage.
Press: ? - help, Shift-Dir - straight line, f - adder
Aim: an adder (lightly wounded, chance to defeat MR: 90%)
The adder is devoured by a tear in reality.
Lugonu claims a new guest.
You are feeling hungry.
You can no longer banish your foes.
The bullfrog barely misses you. The bullfrog hits you.
* * * LOW HITPOINT WARNING * * *
You closely miss the bullfrog.
The bullfrog is heavily wounded.
The bullfrog hits you.
You die...

.'...(#......#....#......#...#...
##....#......#....#......#...#...
......#......#....#..##+####'###'
..#'###..##'##....#..#...........
..#...#..##..#....#..#...........
..'...+..(...#....#..#...........
..#####......#....#+##...........
......#......#..†.........##'#...
......#......#..@.....(...#..#...
##....#..#####[§§F........#..###'
.#....#..#.....§......#####..##..
.#....#..#........##'##..##..##..
.#....#..+........#..........#...
.#....#..#........#..........'...
.#....#..#........#..........#...
.#....####........##+##......##..
##....................#####..##..


You could see a bullfrog.

Vanquished Creatures
  Menkaure (D:7)
  2 slaves (D:5)
  Purgy (Sewer)
  An ogre (D:4)
  A centaur (D:5)
  A bullfrog (D:6)
  A water moccasin zombie (D:5)
  2 scorpions
  A howler monkey (D:5)
  A centaur zombie (D:5)
  3 crimson imps
  2 jellies
  A bullfrog zombie (D:5)
  3 orc priests
  A centaur skeleton (D:4)
  A bullfrog skeleton (D:5)
  6 hounds
  5 orc wizards
  4 worker ants
  Terence (D:2)
  5 gnolls
  5 adders
  A shadow imp (D:5)
  5 oozes
  A worm (D:6)
  4 dart slugs
  4 leopard geckos
  14 orcs
  2 ball pythons
  11 bats
  7 giant cockroaches
  7 goblins
  6 hobgoblins
  14 jackals
  2 quokkas
  4 frilled lizards
  11 kobolds
  A leopard gecko skeleton (D:5)
  5 rats
148 creatures vanquished.

Vanquished Creatures (others)
  2 orc warriors (D:6)
  An ice beast (D:5)
  An ogre (D:5)
  A jelly (D:5)
  An adder (D:6)
6 creatures vanquished.

Grand Total: 154 creatures vanquished

Notes
Turn   | Place    | Note
-------+----------+-------------------------------------------
     0 | Abyss:1  | sking99 the Formicid Abyssal Knight began the quest for the Orb.
     0 | Abyss:1  | Reached XP level 1. HP: 18/18 MP: 2/2
     2 | Abyss:1  | Found a shattered altar of Ashenzari.
    45 | Abyss:1  | Noticed a thrashing horror
    47 | D:1      | Escaped the Abyss
   419 | D:1      | Reached XP level 2. HP: 21/24 MP: 3/3
   583 | D:1      | Reached * piety under Lugonu
   914 | D:1      | Reached XP level 3. HP: 21/29 MP: 4/4
  1415 | D:2      | Reached skill level 3 in Axes
  1464 | D:2      | Reached XP level 4. HP: 26/37 MP: 6/6
  1623 | D:2      | Noticed Terence
  1633 | D:2      | Killed Terence
  1746 | D:2      | Reached XP level 5. HP: 30/42 MP: 7/7
  1891 | D:2      | Reached ** piety under Lugonu
  1899 | D:2      | Reached skill level 4 in Axes
  2359 | D:3      | Found a glowing drain.
  2386 | Sewer    | Entered a sewer
  2408 | Sewer    | Noticed Purgy
  2411 | Sewer    | Gained mutation: You have a somewhat thin skeletal structure. (Dex +2, Stealth) [potion of mutation]
  2411 | Sewer    | Gained mutation: You are agile. (Dex +2) [potion of mutation]
  2411 | Sewer    | Gained mutation: Your spells are a little harder to cast, but a little more powerful. [potion of mutation]
  2425 | Sewer    | Killed Purgy
  2425 | Sewer    | Reached XP level 6. HP: 28/49 MP: 7/9
  3717 | D:4      | Reached *** piety under Lugonu
  3776 | D:4      | Reached skill level 5 in Axes
  3860 | D:4      | Reached XP level 7. HP: 24/55 MP: 10/10
  4116 | D:4      | Reached skill level 5 in Fighting
  4149 | D:4      | Found a basalt altar of Yredelemnul.
  4293 | D:4      | Reached skill level 5 in Invocations
  4326 | D:4      | HP: 2/56 [poisoned by a worker ant]
  4334 | D:4      | HP: 2/56 [poisoned by a worker ant]
  4819 | D:4      | Found a blossoming altar of Fedhas.
  4974 | D:4      | Reached skill level 6 in Axes
  5234 | D:5      | Entered Level 5 of the Dungeon
  5273 | D:5      | Reached XP level 8. HP: 40/63 MP: 10/12
  5583 | D:5      | Reached skill level 7 in Axes
  6085 | D:5      | Found a sparkling altar of Nemelex Xobeh.
  6417 | D:5      | Noticed Pikel
  6432 | D:5      | Banished Pikel
  6432 | D:5      | Reached XP level 9. HP: 33/71 MP: 12/14
  6510 | D:5      | Found a staircase to the Ecumenical Temple.
  6648 | D:6      | Reached skill level 8 in Axes
  8481 | D:6      | Found a deep blue altar of Sif Muna.
  8597 | D:7      | Noticed Menkaure
  8597 | D:7      | Noticed a hippogriff
  8602 | D:7      | Killed Menkaure
  8650 | D:6      | HP: 3/72 [bullfrog (2)]
  8651 | D:6      | Slain by a bullfrog

Vault maps used:
D:1:      mrwooster_arrival_statue_2, minmay_misc_feat_square
D:2:      uniq_terence
D:3:      first_ration, cheibrodos_sewer_entry_sluice
D:4:      yredelemnul_altar_generic, fedhas_altar_4
D:5:      nemelex_xobeh_ov_fountains_minmay,
          minmay_temple_entry_enclosed_plants, uniq_pikel
D:6:      lemuel_round_altar, minmay_misc_feat_hallway
D:7:      minitemple, serial_shops, shop, uniq_menkaure
Sewer:    kennysheep_door_sewer

Skill      XL: |  1  2  3  4  5  6  7  8  9 |
---------------+----------------------------+-----
Axes           | 3 4 5 6 7 8 |  8.9
Invocations    | 3 4 5 6 7 |  7.5
Fighting       | 4 5 6 7 |  7.4
Armour         | |  2.1
Dodging        | |  0.8

Action                   |  1- 3 |  4- 6 |  7- 9 || total
-------------------------+-------+-------+-------++-------
Melee: Hand axe          |   118 |   243 |   395 ||   756
Invok: Depart the Abyss  |     1 |       |       ||     1
       Banish            |       |       |     7 ||     7
       Bend Space        |       |       |     1 ||     1
 Abil: Dig               |       |     2 |     8 ||    10
  Use: Potion            |       |     2 |     1 ||     3
       Scroll            |       |    10 |     2 ||    12
  Eat: Chunk             |     2 |     8 |    15 ||    25
       Ration            |       |       |     1 ||     1
Armor: Leather armour    |    19 |       |       ||    19
       Chain mail        |    67 |   158 |   207 ||   432
       Skin              |       |    14 |       ||    14
Dodge: Dodged            |    68 |   103 |   121 ||   292

Table legend:
 A = Spawn XP
 B = Non-spawn XP
 C = Spawn XP percentage of total XP
 D = Spawn monster count
 E = Non-spawn monster count
 F = Spawn count percentage of total count
 G = Total turns spent on level
                    A         B        C        D         E        F      G
               +---------+---------+-------+---------+---------+-------+---------
         Total |       0 |    3223 |   0.0 |       0 |     153 |   0.0 |  8651
               +---------+---------+-------+---------+---------+-------+---------
           D:1 |       0 |      34 |   0.0 |       0 |      19 |   0.0 |  1182
           D:2 |       0 |     177 |   0.0 |       0 |      28 |   0.0 |   994
           D:3 |       0 |      52 |   0.0 |       0 |      23 |   0.0 |   953
           D:4 |       0 |     542 |   0.0 |       0 |      21 |   0.0 |  1594
           D:5 |       0 |    1301 |   0.0 |       0 |      24 |   0.0 |  1571
           D:6 |       0 |     797 |   0.0 |       0 |      30 |   0.0 |  1808
           D:7 |       0 |     171 |   0.0 |       0 |       2 |   0.0 |    38
         Sewer |       0 |     149 |   0.0 |       0 |       6 |   0.0 |   464
               +---------+---------+-------+---------+---------+-------+---------
